 Dungeon Crawl Stone Soup version 0.31-a0-765-g67fe2935dc (webtiles) character file.

Game seed: 14067871082638868318

29 Iich the Ruffian (level 3, 0/26 HPs)
             Began as a Demonspawn Shapeshifter on Sept 15, 2023.
             Slain by Sigmund
             ... wielding a +0 scythe
              (3 damage)
             ... on level 2 of the Dungeon.
             The game lasted 00:02:42 (815 turns).

Iich the Ruffian (Demonspawn Shapeshifter)           Turns: 815, Time: 00:02:43

Health: 0/26       AC:  9    Str: 16    XL:     3   Next: 1%
Magic:  3/3        EV: 11    Int: 11    God:
Gold:   35         SH:  0    Dex: 12    Spells: 2/2 levels left

rFire   . . .        e - +1 hand axe (flame)
rCold   . . .        (no shield)
rNeg    . . .        l - +0 ring mail
rPois   +            (helmet currently unavailable)
rElec   .            (cloak currently unavailable)
rCorr   .            (gloves currently unavailable)
SInv    .            (boots currently unavailable)
Will    .....        (no amulet) Stlth
                     P - ring of poison resistance
HPRegen 0.24/turn    j - +4 ring of protection
MPRegen 0.08/turn

%: no passive effects
@: confused, brilliant, beast-form, weak-willed, hasted, very quick
A: beast (slay +1), spiny 1
a: Begin Untransformation


You were on level 2 of the Dungeon.
You were a hulking beast.
You visited 1 branch of the dungeon, and saw 2 of its levels.

You collected 35 gold pieces.

Inventory:

Hand Weapons
 e - a +1 hand axe of flaming (weapon)
Armour
 l - a +0 ring mail (worn)
Jewellery
 j - a +4 ring of protection (right hand)
 P - a ring of poison resistance (left hand)
Talismans
 c - a beast talisman (active)
 d - a flux talisman
Potions
 b - a potion of lignification


   Skills:
 + Level 1.5 Fighting
 + Level 0.8 Axes
 + Level 2.1 Dodging
 + Level 2.9 Unarmed Combat
 + Level 2.9 Shapeshifting


You had 2 spell levels left.
You didn't know any spells.
Your spell library was empty.

Dungeon Overview and Level Annotations

Branches:
Dungeon (2/15)

Altars:

Annotations:
D:2 Sigmund


Innate Abilities, Weirdness & Mutations

You are a hulking beast.
Your limbs bulge with bestial killing power. (Slay +1)
You are partially covered in sharp spines.


Message History

* * * LOW HITPOINT WARNING * * *
You take 2 damage, and have 10/39 hp.
A magic dart appears from out of thin air!
The magic dart hits you but does no damage.
A magic dart appears from out of thin air!
The magic dart hits you but does no damage.
A magic dart appears from out of thin air!
The magic dart hits you!
* * * LOW HITPOINT WARNING * * *
You take 7 damage, and have 3/39 hp.
Your transformation is almost over.
As you read the scroll labelled ZAIFEF EKHOEM, it crumbles to dust.
Magic quickly surges around you.
It was a scroll of vulnerability.
Okay, then.
As you read the scroll of fog, it dissolves into smoke.
A magic dart appears from out of thin air!
The magic dart hits you but does no damage.
As you read the scroll of revelation, it crumbles to dust.
You feel aware of your surroundings.
A magic dart appears from out of thin air!
The magic dart hits you but does no damage.
A puff of flame appears from out of thin air!
The puff of flame misses you.
A magic dart appears from out of thin air!
The magic dart hits you but does no damage.
You are confused.
A magic dart appears from out of thin air!
The magic dart hits you but does no damage.
You feel less wooden.
Your +0 ring mail unmelds from your body.
You turn into a hulking beast.
You now have 4/26 hp.
In your confused state, you trip and fall back down the stairs.
* * * LOW HITPOINT WARNING * * *
You hear some strange, mumbled words.
A puff of flame appears from out of thin air!
The puff of flame hits you but does no damage.
You take 1 damage, and have 3/26 hp.
Something hits you.
You die...

#..,,,, ###################
#.#***, #.....○...######### #.#
*,
#####...○.°...############.###*,
#.......°○○...#####..°.......#*,
#.###...○○.○..#°###.######.#.#*.
#.###........○.°°°.°### ##.#.##.
#..........°...○.{##### #..{....
#..##...○...○°○h°###### #.......
#..##.........#○####### #.##.###
#..##.........#.####### #.##.##*
#......########.####### #.##?.#*
##.############'####### #.###.#*
#.# ######°.○###### #.# #.#*
#.#*## #####...°.##### #.###.##
#.##.######..○○...######.......
#.#...####.........####...##.##


There were no monsters in sight!

Vanquished Creatures
  4 ball pythons (D:1)
  4 bats (D:1)
  5 endoplasms
  A giant cockroach (D:1)
  A goblin (D:1)
  5 jackals (D:1)
  A quokka (D:2)
  3 rats
24 creatures vanquished.

Notes
Turn   | Place    | Note
-------+----------+-------------------------------------------
     0 | D:1      | Iich the Demonspawn Shapeshifter began the quest for the
                  | Orb.
     0 | D:1      | Reached XP level 1. HP: 15/15 MP: 1/1
   165 | D:1      | Gained mutation: You are partially covered in sharp spines.
                  | [demonic ancestry]
   165 | D:1      | Reached XP level 2. HP: 10/21 MP: 2/2
   634 | D:2      | Noticed Sigmund
   723 | D:2      | Reached XP level 3. HP: 23/26 MP: 3/3
   815 | D:2      | Slain by Sigmund

Illustrated notes

Levels and vault maps discovered:
D:1:      wander_arrival_chamber, layout_rooms
D:2:      layout_loops_corners, uniq_sigmund

Skill      XL: |  1  2 |
---------------+-------+-----
Dodging        | 2 |  2.1
Fighting       | |  1.5
Axes           | |  0.8
Unarmed Combat | |  2.9
Shapeshifting  | |  2.9

Action                     || total
---------------------------++-------
  Melee: Hand axe          ||    39
         Unarmed           ||    18
         Punch             ||     1
    Use: Scroll            ||     7
         Potion            ||     2
   Stab: Sleeping          ||     1
 Armour: Animal skin       ||    14
         Ring mail         ||     6
         Skin              ||    14
  Dodge: Dodged            ||    39

Table legend: (Time is in decaauts)
 A = Elapsed time spent in this place.
 B = Non-inter-level travel time spent in this place.
 C = Inter-level travel time spent in this place.
 D = Time resting spent in this place.
 E = Time spent auto-exploring this place.
 F = Levels seen in this place.
 G = Mean time per level.
                   A        B        C        D        E       F      G
               +--------+--------+--------+--------+--------+-----+--------+
         Total |    800 |    770 |     30 |     47 |    493 |   2 |  400.0 |
       Dungeon |    800 |    770 |     30 |     47 |    493 |   2 |  400.0 |
               +--------+--------+--------+--------+--------+-----+--------+

Top non-repeatable levels by time:
     D:1: 588 daAuts
     D:2: 211 daAuts
